 Dungeon Crawl Stone Soup version 0.19-a0-1893-ge087f11 (webtiles) character file.

47278 TimeCube the Fencer (level 14, -8/154 HPs)
             Began as an Octopode Berserker on Dec 6, 2016.
             Was a High Priest of Trog.
             Mangled by a slime creature (12 damage)
             ... on level 15 of the Dungeon.
             The game lasted 00:42:29 (14542 turns).

TimeCube the Fencer (Octopode Berserker)           Turns: 14542, Time: 00:42:30

Health: -8/154     AC:  1    Str: 22    XL:     14   Next: 41%
Magic:  0/23       EV: 23    Int:  9    God:    Trog [*****.]
Gold:   878        SH:  0    Dex: 16    Spells: 13/13 levels left

rFire  + . .     SeeInvis +     V - +9 triple sword (distort)
rCold  . . .     Faith    .     (shield currently unavailable)
rNeg   . . .     Spirit   +     (helmet restricted)
rPois  +         Reflect  .     S - amulet of guardian spirit
rElec  .                        y - ring of protection from fire
rCorr  .                        D - ring of stealth
MR     ++...                    H - ring of see invisible
Stlth  ..........               I - ring of magical power
                                R - ring of poison resistance
                                e - ring of protection from magic
                                (no ring)
                                (no ring)

@: berserking, very quick
A: almost no armour, stealthy swim, amphibious, 8 rings, constrict 8, fangs 1,
camouflage 1, gelatinous body 1
a: Berserk, Trog's Hand, Brothers in Arms, Burn Spellbooks, Renounce Religion


You were on level 15 of the Dungeon.
You worshipped Trog.
Trog was extremely pleased with you.
You were not hungry.

You visited 2 branches of the dungeon, and saw 16 of its levels.

You collected 878 gold pieces.

Inventory:

Hand Weapons
 V - a +9 triple sword of distortion (weapon)
Missiles
 c - 43 steel tomahawks (quivered)
 g - 5 throwing nets
Jewellery
 e - a ring of protection from magic (on tentacle)
 y - a ring of protection from fire (left tentacle)
 D - a ring of stealth (right tentacle)
 H - a ring of see invisible (on tentacle)
 I - a ring of magical power (on tentacle)
 R - a ring of poison resistance (on tentacle)
 S - an amulet of guardian spirit (around mantle)
 T - an uncursed ring of magical power
Wands
 a - a wand of random effects (31/48)
 B - a wand of slowing (35/48)
 C - a wand of digging (10/24)
 K - a wand of random effects (22/48)
 L - a wand of confusion (22/48)
 P - a wand of slowing (18/48)
 Q - a wand of iceblast (15/15)
 W - a wand of lightning (8/15)
Scrolls
 b - 6 scrolls of remove curse
 f - 4 scrolls of fear
 k - 7 scrolls of teleportation
 o - 2 scrolls of recharging
 r - a scroll of enchant armour
 u - 2 scrolls of enchant weapon
 A - 2 scrolls of magic mapping
 F - 2 scrolls of blinking
Potions
 d - 3 potions of haste
 i - 3 potions of invisibility
 j - 2 potions of brilliance
 l - 5 potions of curing
 m - 3 potions of cancellation
 p - 3 potions of ambrosia
 q - 5 potions of resistance
 s - a potion of berserk rage
 t - 3 potions of heal wounds
 w - 5 potions of flight
 G - 2 potions of magic
 M - 4 potions of agility
 U - 2 potions of lignification
 X - a potion of might {unknown}


   Skills:
 - Level 12.3 Fighting
 * Level 17.0 Long Blades
 - Level 12.6 Dodging


You had 13 spell levels left.
You didn't know any spells.

Dungeon Overview and Level Annotations

Branches:
Dungeon (15/15)            Temple (0/1) D:6          Shoals (0/3) D:13
    Orc (1/2) D:10         Vaults (0/3) D:15         Depths (0/3) D:15
   Lair: D:-1         Snake: D:13-14     Spider: D:13-14      Crypt: Vaults:-1
   Tomb: Vaults:-1

Altars:
Ashenzari
Gozag
Makhleb
Nemelex Xobeh
Qazlal
Ru
Uskayaw
Zin
Beogh

Shops:
D:12 *   D:13 *


Innate Abilities, Weirdness & Mutations

You cannot wear most types of armour.
You are very stealthy in the water.
You are amphibious.
You can wear up to eight rings at the same time.
You can use your tentacles to constrict eight enemies at once.
Your skin changes colour to match your surroundings (Stealth+).
Your rubbery body absorbs attacks. (AC +1, EV +1)
You have very sharp teeth.


Message History

The centaur barely misses you.
The centaur warrior unwields an uncursed shortbow.
The centaur warrior barely misses you.
You riposte.
You barely miss the centaur warrior. You squeeze the centaur warrior (13)!
The centaur warrior is almost dead.
The centaur shoots an arrow.
The arrow completely misses you (0).
The arrow hits the centaur warrior (7)!
The centaur warrior dies!
Your Long Blades skill increases to level 17!
Unknown command.
You slice the centaur (18)!!
You feel the power of Trog in you as your rage grows.
You kill the centaur!
Trog accepts your kill.
Unknown command.
You cut the centaur into ribbons (38)!!!
You kill the centaur!
Trog accepts your kill. The slime creature hits you (13)!
You die...

....#######.............JW.......
...P....##.....................(#
.......####....................#.
.P.......###.......P.....P.....#.
........#.#.).....J.#.....#......
(.....P.............##...#....P..
................J................
...............)J)....P.P###.....
...##...........@.......## ####.P
..)....##.......)).....P# ##P
###.....###............## ..
##.....#######.........##
.........# #..........#
........P# #.........##
PP.......######..P#.#.##
##........##..P.)..#.##
##..P...##P........##


You could see 3 slime creatures.

Vanquished Creatures
  Azrael (D:15)
  Snorg (D:12)
  A death knight (D:15)
  2 hydras
  6 centaur warriors
  2 ogre magi (D:15)
  A tengu warrior (D:13)
  An orc high priest (D:11)
  2 unseen horrors
  6 skeletal warriors
  7 hill giants
  An orc knight (D:14)
  4 ugly things
  4 orc sorcerers
  A deep elf mage (D:15)
  A cyclops (D:15)
  A siren (D:13)
  2 naga magi (D:15)
  A spiny frog (D:14)
  A gargoyle (D:12)
  A torpor snail (D:14)
  2 rime drakes
  3 efreet
  A tengu conjurer (D:13)
  5 yaktaurs
  3 trolls
  3 meliai (D:13)
  5 two-headed ogres
  4 slime creatures (D:14)
  A harpy skeleton (D:12)
  Grinder (D:5)
  11 blink frogs
  A snapping turtle (D:13)
  Sigmund (D:5)
  A shadow (D:11)
  5 wraiths
  8 wyverns
  6 yaks (D:12)
  4 water elementals
  Eustachio (D:6)
  A steam dragon (D:10)
  2 angry ghosts
  3 acid dragons
  4 hell hounds (D:15)
  A black bear (D:8)
  2 spiny frog skeletons
  4 ice beasts
  2 phantoms
  13 orc warriors
  A wasp (D:8)
  A blink frog zombie (D:12)
  11 ogres
  A blink frog skeleton (D:13)
  27 centaurs
  A rime drake skeleton (D:13)
  A bullfrog (D:6)
  A wyvern zombie (D:9)
  2 scorpions
  7 killer bees (D:9)
  4 wights (D:10)
  3 spriggan skeletons (D:11)
  2 howler monkeys
  An electric eel (D:12)
  2 crimson imps
  5 jellies
  4 centaur zombies
  7 hounds
  10 orc priests
  Crazy Yiuf (D:6)
  7 centaur skeletons
  2 iguanas
  10 orc wizards
  Ijyb (D:2)
  5 worker ants
  6 adders
  8 gnolls
  2 shadow imps
  2 oozes
  2 dart slugs
  9 leopard geckos
  51 orcs
  4 giant cockroaches
  13 goblins
  A hobgoblin (D:1)
  11 jackals
  2 quokkas (D:5)
  A ball python (D:2)
  5 bats
  6 frilled lizards
  A giant cockroach zombie (D:5)
  6 kobolds
  A rat (D:2)
  A plant (D:12)
394 creatures vanquished.

Vanquished Creatures (collateral kills)
  A centaur (D:15)
1 creature vanquished.

Vanquished Creatures (others)
  A centaur warrior (D:15)
  A bush (D:15)
  9 fungi
  6 plants
17 creatures vanquished.

Grand Total: 412 creatures vanquished

Notes
Turn   | Place    | Note
-------+----------+-------------------------------------------
     0 | D:1      | TimeCube the Octopode Berserker began the quest for the Orb.
     0 | D:1      | Reached XP level 1. HP: 16/16 MP: 1/1
    50 | D:1      | Reached XP level 2. HP: 12/21 MP: 2/2
   297 | D:1      | Reached XP level 3. HP: 26/26 MP: 3/3
   662 | D:2      | Noticed Ijyb
   681 | D:2      | Reached ** piety under Trog
   687 | D:2      | Killed Ijyb
   687 | D:2      | Reached XP level 4. HP: 25/33 MP: 4/4
   930 | D:2      | Found a stormy altar of Qazlal.
  1052 | D:2      | Reached skill level 4 in Long Blades
  1192 | D:2      | Reached XP level 5. HP: 12/37 MP: 5/5
  1756 | D:4      | Noticed an ogre
  1758 | D:4      | Killed an ogre
  1758 | D:4      | Reached skill level 5 in Long Blades
  1758 | D:4      | Reached XP level 6. HP: 13/44 MP: 6/6
  2080 | D:4      | Found a stormy altar of Qazlal.
  2241 | D:4      | Found a hide-covered altar of Uskayaw.
  2625 | D:4      | Reached XP level 7. HP: 49/49 MP: 7/7
  2642 | D:4      | Reached *** piety under Trog
  2671 | D:5      | Entered Level 5 of the Dungeon
  2700 | D:5      | Reached skill level 5 in Fighting
  2779 | D:5      | Noticed Grinder
  2787 | D:5      | Killed Grinder
  2787 | D:5      | Reached skill level 6 in Long Blades
  2787 | D:5      | Reached skill level 5 in Dodging
  2822 | D:5      | Reached XP level 8. HP: 43/56 MP: 8/8
  2843 | D:5      | Reached skill level 7 in Long Blades
  2892 | D:5      | Noticed Sigmund
  2909 | D:5      | Killed Sigmund
  3229 | D:5      | Found an opulent altar of Gozag.
  3314 | D:5      | Found a sacrificial altar of Ru.
  3394 | D:6      | Found a staircase to the Ecumenical Temple.
  3408 | D:6      | Reached skill level 8 in Long Blades
  3505 | D:6      | Found a runed door.
  3612 | D:6      | Noticed Eustachio
  3620 | D:6      | Killed Eustachio
  3657 | D:6      | Noticed Crazy Yiuf
  3662 | D:6      | Killed Crazy Yiuf
  4001 | D:6      | Reached XP level 9. HP: 63/63 MP: 9/9
  4010 | D:6      | Found a sparkling altar of Nemelex Xobeh.
  4386 | D:7      | Reached skill level 9 in Long Blades
  4494 | D:7      | Reached **** piety under Trog
  4861 | D:7      | Found an opulent altar of Gozag.
  4862 | D:7      | Found a glowing silver altar of Zin.
  5220 | D:8      | Found a burning altar of Makhleb.
  5435 | D:8      | Noticed a hill giant
  5465 | D:8      | Killed a hill giant
  5465 | D:8      | Reached skill level 10 in Long Blades
  5465 | D:8      | Reached XP level 10. HP: 72/72 MP: 10/10
  6039 | D:9      | Found a shattered altar of Ashenzari.
  6275 | D:9      | Found a roughly hewn altar of Beogh.
  6501 | D:9      | Reached skill level 11 in Long Blades
  6587 | D:10     | Entered Level 10 of the Dungeon
  6588 | D:10     | Found a staircase to the Orcish Mines.
  6840 | D:10     | Noticed a hill giant
  7060 | D:10     | Killed a hill giant
  7076 | D:10     | Reached XP level 11. HP: 75/78 MP: 11/11
  7142 | D:10     | Found a roughly hewn altar of Beogh.
  7241 | Orc:1    | Entered Level 1 of the Orcish Mines
  7241 | Orc:1    | Noticed an ettin
  7334 | D:11     | Noticed an unseen horror
  7346 | D:11     | Killed an unseen horror
  7346 | D:11     | Reached skill level 12 in Long Blades
  7387 | D:11     | Noticed a brown ugly thing
  7394 | D:11     | Killed a brown ugly thing
  7424 | D:11     | Reached ***** piety under Trog
  7438 | D:11     | Gained mutation: You have very sharp teeth. [potion of beneficial mutation]
  7452 | D:11     | Noticed an orc high priest
  7490 | D:11     | Noticed a hill giant
  7502 | D:11     | Noticed an orc sorcerer
  7508 | D:11     | Killed an orc sorcerer
  7636 | D:11     | Killed an orc high priest
  7689 | D:11     | Killed a hill giant
  7775 | D:11     | Noticed a hill giant
  7783 | D:11     | Killed a hill giant
  7838 | D:11     | Received a gift from Trog
  7935 | D:11     | Reached skill level 13 in Long Blades
  7935 | D:11     | Reached skill level 10 in Dodging
  8004 | D:11     | Noticed a red ugly thing
  8020 | D:11     | Killed a red ugly thing
  8214 | D:12     | Noticed an eight-headed hydra
  8222 | D:12     | Killed an eight-headed hydra
  8222 | D:12     | Reached skill level 10 in Fighting
  8222 | D:12     | Reached XP level 12. HP: 84/87 MP: 12/12
  8246 | D:12     | Noticed Snorg
  8257 | D:12     | Killed Snorg
  8435 | D:12     | Found Nyah's General Store.
  9046 | D:12     | Reached skill level 14 in Long Blades
 10042 | D:13     | Noticed a centaur warrior
 10281 | D:13     | Killed a centaur warrior
 10672 | D:13     | Reached XP level 13. HP: 86/95 MP: 13/13
 10989 | D:13     | Reached skill level 15 in Long Blades
 11315 | D:13     | Found Henoasal's General Store.
 11736 | D:13     | Found a staircase to the Shoals.
 13009 | D:15     | Entered Level 15 of the Dungeon
 13160 | D:15     | Reached skill level 16 in Long Blades
 13328 | D:15     | Found a gate to the Vaults.
 13335 | D:15     | Reached XP level 14. HP: 48/103 MP: 14/14
 13404 | D:15     | Noticed Azrael
 13409 | D:15     | Killed Azrael
 13882 | D:15     | Received a gift from Trog
 13910 | D:15     | Found a staircase to the Depths.
 14154 | D:15     | Found a glowing silver altar of Zin.
 14536 | D:15     | HP: 6/154 [centaur/arrow[a centaur warrior] (5)]
 14540 | D:15     | Reached skill level 17 in Long Blades
 14542 | D:15     | Mangled by a slime creature

Vault maps used:
D:1:      mrwooster_arrival_statue, serial_glass, glass_columns_a,
          glass_columns_a
D:2:      kennysheep_the_goblin_king, lemuel_round_altar, first_bread
D:3:      due_unseen_surprise
D:4:      eat_drink_and_be_merry_uskayaw, grunt_qazlal_clouds
D:5:      lemuel_doored_altar, grunt_gozag_statues, uniq_grinder, uniq_sigmund
D:6:      lemuel_round_altar, roderic_lattice_a, uniq_eustachio,
          uniq_crazy_yiuf_cottage
D:7:      grunt_temple_overflow_gold_and_silver
D:8:      basic_altar
D:9:      ashenzari_altar_1, special_room
D:10:     minmay_orc_entry_temple_small
D:11:     grunt_ogre_cave, nicolae_wwwww, st_stairs_9, hangedman_tell_no_tales
D:12:     serial_shops, shop, serial_bayou, serial_bayou_pond_a,
          serial_bayou_pond_e, serial_bayou_pond_e, serial_bayou_pond_c,
          serial_bayou_shore_a, uniq_snorg
D:13:     elwin_shoals_entry_rooms, serial_shops, shop
D:14:     minmay_misc_feat_columns, serial_co_window_serial,
          co_window_of_opportunity_a, co_window_paths_b, co_window_paths_b,
          co_window_corner_a, co_window_paths_a, co_window_cross_4,
          co_window_of_opportunity_c, co_window_2corner, co_window_corner_ca,
          glass_columns_c, glass_columns_c, glass_columns_b, glass_columns_c,
          glass_columns_c, hangedman_abyss_or_decor_lesser_grid
D:15:     grunt_enter_depths_magical_seal, david_vaults_2, basic_altar,
          small_statue_intersection, grunt_decor_one_mirror, uniq_azrael
Orc:1:    basic_altar

Skill      XL: |  1  2  3  4  5  6  7  8  9 10 11 12 13 14 |
---------------+-------------------------------------------+-----
Long Blades    | 4 5 6 8 10 11 13 14 16 17 | 17.0
Fighting       | 4 5 6 7 8 10 11 12 | 12.3
Dodging        | 4 5 6 7 9 10 11 12 | 12.6

Action                   |  1- 3 |  4- 6 |  7- 9 | 10-12 | 13-15 || total
-------------------------+-------+-------+-------+-------+-------++-------
Melee: Falchion          |    60 |   105 |   221 |   116 |       ||   502
       Constrict         |    15 |    33 |    43 |    69 |    22 ||   182
       Tentacles         |     9 |    22 |    66 |   135 |    83 ||   315
       Scimitar          |       |       |       |   355 |   292 ||   647
       Bite              |       |       |       |    43 |    52 ||    95
       Triple sword      |       |       |       |       |    49 ||    49
Throw: Throwing net      |       |       |       |     2 |       ||     2
Invok: Berserk           |     1 |     4 |     9 |    17 |    12 ||    43
       Trog's Hand       |       |       |     1 |     1 |       ||     2
       Burn Spellbooks   |       |       |       |     3 |     1 ||     4
       Brothers in Arms  |       |       |       |       |     1 ||     1
  Use: Scroll            |       |       |       |    17 |    16 ||    33
       Potion            |       |       |       |     1 |     1 ||     2
 Stab: Sleeping          |     6 |     6 |     9 |     9 |     3 ||    33
       Distracted        |       |       |     1 |     5 |     1 ||     7
       Held in net/web   |       |       |       |     1 |       ||     1
Armor: Skin              |     5 |     5 |     9 |     7 |     4 ||    30
Dodge: Dodged            |    30 |    56 |    93 |   238 |   221 ||   638
